| TOP OF THE 1ST |
|
Burlington Bees batting - Pitching for Lansing Lugnuts : LHP Jon Sosa
|
|
Pitching: LHP Jon Sosa
|
|
|
Batting: RHB Ricky Mejicanos
|
0-0: Ball 1-0: Ground out 4-3 (Groundball, 4MS, EV 85.6 MPH)
|
|
Batting: RHB Danny Bjarnson
|
0-0: Foul Ball, location: 2F 0-1: SINGLE (Line Drive, 6MD, EV 98.8 MPH)
|
|
Batting: LHB Mutsuo IIda
|
Balk! Danny Bjarnson to second 0-0: Ball 1-0: Ball 2-0: Called Strike 2-1: Fly out, F7 (Flyball, 7S, EV 83.1 MPH)
|
|
Batting: RHB Kyler Seitz
|
0-0: Ball 1-0: Called Strike 1-1: Ball 2-1: Ball 3-1: Swinging Strike 3-2: Ground out 5-3 (Groundball, 56S, EV 80.6 MPH)
|
| Top of the 1st over - 0 runs, 1 hit, 0 errors, 1 left on base; Burlington 0 - Lansing 0 |
| BOTTOM OF THE 1ST |
|
Lansing Lugnuts batting - Pitching for Burlington Bees : RHP Eddie Garabito
|
|
Pitching: RHP Eddie Garabito
|
|
|
Batting: RHB Luis Gomez
|
0-0: Called Strike 0-1: Swinging Strike 0-2: Foul Ball, location: 2F 0-2: Ground out 5-3 (Groundball, 5L, EV 80.6 MPH)
|
|
Batting: LHB Timo Gomez
|
0-0: Called Strike 0-1: Ball 1-1: Swinging Strike 1-2: Foul Ball, location: 2F 1-2: Foul Ball, location: 2F 1-2: SINGLE (Groundball, 34S, EV 67.5 MPH) (infield hit)
|
|
Batting: RHB Raul de la Cruz
|
0-0: Ball Passed Ball! Timo Gomez to second 1-0: Called Strike 1-1: Foul Ball, location: 2F 1-2: Ball 2-2: Ball 3-2: Foul Ball, location: 2F 3-2: Base on Balls
|
|
Batting: RHB John Michener
|
0-0: Ball 1-0: SINGLE (Flyball, 78S, EV 91.9 MPH) Timo Gomez to third Raul de la Cruz to second
|
|
Batting: SHB Gregg Whitecotton
|
0-0: Called Strike 0-1: SINGLE (Groundball, 56S, EV 63.1 MPH) (infield hit) Timo Gomez scores Raul de la Cruz to third John Michener to second
|
|
Batting: RHB Dylan Phillips
|
0-0: Ball 1-0: SINGLE (Flyball, 89M, EV 90.0 MPH) Raul de la Cruz scores John Michener to third Gregg Whitecotton to second
|
|
Batting: RHB Jose Ontiveros
|
0-0: Called Strike 0-1: Foul Ball, location: 2F 0-2: Ball 1-2: Ball 2-2: Hit by Pitch John Michener scores Gregg Whitecotton to third Dylan Phillips to second
|
|
Batting: RHB Dan Muns
|
0-0: Foul Ball, location: 2F 0-1: Foul Ball, location: 2F 0-2: Ball 1-2: Foul Ball, location: 2F 1-2: Foul Ball, location: 2F 1-2: SINGLE (Line Drive, 8LS, EV 106.2 MPH) Gregg Whitecotton scores Dylan Phillips to third Jose Ontiveros to second
|
|
Batting: RHB Shunsuke Shiba Inu
|
0-0: Ball 1-0: Foul Ball, location: 2F 1-1: Called Strike 1-2: Ball 2-2: Ball 3-2: Strikes out looking
|
|
Batting: RHB Luis Gomez
|
0-0: Ball 1-0: Called Strike 1-1: Foul Ball, location: 2F 1-2: Ball 2-2: Fly out, F8 (Flyball, 8LD, EV 94.4 MPH)
|
| Bottom of the 1st over - 4 runs, 5 hits, 0 errors, 3 left on base; Burlington 0 - Lansing 4 |
| TOP OF THE 2ND |
|
Burlington Bees batting - Pitching for Lansing Lugnuts : LHP Jon Sosa
|
|
Batting: RHB Dean LeCroy
|
0-0: Ball 1-0: Called Strike 1-1: Foul Ball, location: 2F 1-2: Strikes out swinging
|
|
Batting: LHB Dave Hicks
|
0-0: Foul Ball, location: 2F 0-1: Fly out, F9 (Flyball, 89S, EV 89.4 MPH)
|
|
Batting: RHB Wilford Harper
|
0-0: Ball 1-0: Ball 2-0: Swinging Strike 2-1: Foul Ball, location: 2F 2-2: Ground out 4-3 (Groundball, 4, EV 100.6 MPH)
|
| Top of the 2nd over - 0 runs, 0 hits, 0 errors, 0 left on base; Burlington 0 - Lansing 4 |
| BOTTOM OF THE 2ND |
|
Lansing Lugnuts batting - Pitching for Burlington Bees : RHP Eddie Garabito
|
|
Batting: LHB Timo Gomez
|
0-0: Ball 1-0: Ball 2-0: Called Strike 2-1: Foul Ball, location: 2F 2-2: Strikes out swinging
|
|
Batting: RHB Raul de la Cruz
|
0-0: Ball 1-0: Ball 2-0: Ball 3-0: Base on Balls
|
|
Batting: RHB John Michener
|
0-0: SINGLE (Line Drive, 3D, EV 98.8 MPH) Raul de la Cruz to second Throwing error, E9 Raul de la Cruz scores John Michener to second
|
|
Pitching: RHP Humberto Paniagua
|
|
|
Batting: SHB Gregg Whitecotton
|
0-0: Foul Ball, location: 2F 0-1: Ball 1-1: Ball 2-1: Called Strike 2-2: Ball 3-2: Foul Ball, location: 2F 3-2: Base on Balls
|
|
Batting: RHB Dylan Phillips
|
0-0: Fielders Choice at 2nd, 1-6 (Groundball, 13S, EV 68.8 MPH) John Michener to third
|
|
Batting: RHB Jose Ontiveros
|
0-0: Fly out, F8 (Line Drive, 8LM, EV 88.8 MPH)
|
| Bottom of the 2nd over - 1 run, 1 hit, 1 error, 2 left on base; Burlington 0 - Lansing 5 |
| TOP OF THE 3RD |
|
Burlington Bees batting - Pitching for Lansing Lugnuts : LHP Jon Sosa
|
|
Batting: RHB Peter Westover
|
0-0: Ground out 5-3 (Groundball, 56, EV 94.4 MPH)
|
|
Batting: SHB Tim Connell
|
0-0: Ball 1-0: Called Strike 1-1: Ball 2-1: Ball 3-1: Base on Balls
|
|
Batting: RHB Ricky Mejicanos
|
0-0: Ball 1-0: Called Strike Tim Connell steals 2nd base 1-1: Ball 2-1: Fly out, F7 (Flyball, 7LS, EV 85.6 MPH)
|
|
Batting: RHB Danny Bjarnson
|
0-0: TRIPLE (Line Drive, 8LXD, EV 111.9 MPH) Tim Connell scores
|
|
Batting: LHB Mutsuo IIda
|
0-0: Ball 1-0: Called Strike 1-1: Ball 2-1: Swinging Strike 2-2: 2-RUN HOME RUN (Flyball, 78XD, EV 99.4 MPH), Distance : 408 ft
|
|
Batting: RHB Kyler Seitz
|
0-0: Called Strike 0-1: Foul Ball, location: 2F 0-2: Foul Ball, location: 2F 0-2: Ball 1-2: Strikes out looking
|
| Top of the 3rd over - 3 runs, 2 hits, 0 errors, 0 left on base; Burlington 3 - Lansing 5 |
| BOTTOM OF THE 3RD |
|
Lansing Lugnuts batting - Pitching for Burlington Bees : RHP Humberto Paniagua
|
|
Batting: RHB Dan Muns
|
0-0: Ball 1-0: Called Strike 1-1: Ball 2-1: Foul Ball, location: 2F 2-2: Foul Ball, location: 2F 2-2: Foul Ball, location: 2F 2-2: Ball 3-2: Foul Ball, location: 2F 3-2: DOUBLE (Flyball, 8RXD, EV 100.6 MPH)
|
|
Batting: RHB Shunsuke Shiba Inu
|
0-0: Ball 1-0: Ground out 6-3 (Groundball, 6M, EV 85.6 MPH) Dan Muns to third
|
|
Batting: RHB Luis Gomez
|
0-0: Ball Wild Pitch! Dan Muns scores 1-0: Ball 2-0: Ball 3-0: Called Strike 3-1: SINGLE (Line Drive, 4MD, EV 109.4 MPH)
|
|
Batting: LHB Timo Gomez
|
0-0: Ball Luis Gomez is caught stealing 2nd base 2-6 1-0: Called Strike 1-1: Ball 2-1: Ball 3-1: Foul Ball, location: 2F 3-2: Foul Ball, location: 2F 3-2: Base on Balls
|
|
Batting: RHB Raul de la Cruz
|
0-0: Called Strike Passed Ball! Timo Gomez to second 0-1: Ball 1-1: Ball 2-1: Foul Ball, location: 2F 2-2: Ground out 1-3 (Groundball, 13, EV 66.9 MPH)
|
| Bottom of the 3rd over - 1 run, 2 hits, 0 errors, 1 left on base; Burlington 3 - Lansing 6 |
| TOP OF THE 4TH |
|
Burlington Bees batting - Pitching for Lansing Lugnuts : LHP Jon Sosa
|
|
Batting: RHB Dean LeCroy
|
0-0: Ball 1-0: Foul Ball, location: 2F 1-1: Foul Ball, location: 2F 1-2: Strikes out swinging
|
|
Batting: LHB Dave Hicks
|
0-0: Ball 1-0: Foul Ball, location: 2F 1-1: Foul Ball, location: 2F 1-2: Fly out, F7 (Flyball, 7LS, EV 73.1 MPH)
|
|
Batting: RHB Wilford Harper
|
0-0: Ball 1-0: Called Strike 1-1: Called Strike 1-2: Strikes out swinging
|
| Top of the 4th over - 0 runs, 0 hits, 0 errors, 0 left on base; Burlington 3 - Lansing 6 |
| BOTTOM OF THE 4TH |
|
Lansing Lugnuts batting - Pitching for Burlington Bees : RHP Humberto Paniagua
|
|
Batting: RHB John Michener
|
0-0: Foul Ball, location: 2F 0-1: SINGLE (Line Drive, 78S, EV 106.2 MPH)
|
|
Batting: SHB Gregg Whitecotton
|
0-0: Ball Passed Ball! John Michener to second 1-0: Foul Ball, location: 2F 1-1: Foul Ball, location: 2F 1-2: Ball 2-2: Foul Ball, location: 2F 2-2: Ground out U3 (Groundball, 34, EV 87.5 MPH) John Michener to third
|
|
Batting: RHB Dylan Phillips
|
0-0: Ball 1-0: Foul Ball, location: 2F 1-1: Ground out 6-3 (Groundball, 6M, EV 101.9 MPH) John Michener scores
|
|
Batting: RHB Jose Ontiveros
|
0-0: Foul Ball, location: 2F 0-1: Called Strike 0-2: Ground out 2-3 (Groundball, 15S, EV 68.1 MPH)
|
| Bottom of the 4th over - 1 run, 1 hit, 0 errors, 0 left on base; Burlington 3 - Lansing 7 |
| TOP OF THE 5TH |
|
Burlington Bees batting - Pitching for Lansing Lugnuts : LHP Jon Sosa
|
|
Batting: RHB Peter Westover
|
0-0: Called Strike 0-1: Called Strike 0-2: Foul Ball, location: 2F 0-2: Strikes out swinging
|
|
Batting: SHB Tim Connell
|
0-0: Foul Ball, location: 2F 0-1: Ball 1-1: Called Strike 1-2: Strikes out swinging
|
|
Batting: RHB Ricky Mejicanos
|
0-0: Ball 1-0: Ground out 5-3 (Groundball, 5L, EV 103.8 MPH)
|
| Top of the 5th over - 0 runs, 0 hits, 0 errors, 0 left on base; Burlington 3 - Lansing 7 |
| BOTTOM OF THE 5TH |
|
Lansing Lugnuts batting - Pitching for Burlington Bees : RHP Humberto Paniagua
|
|
Batting: RHB Dan Muns
|
0-0: Called Strike 0-1: Ball 1-1: Ground out 4-3 (Groundball, 4, EV 83.8 MPH)
|
|
Batting: RHB Shunsuke Shiba Inu
|
0-0: Reached on error, E5 (Groundball, 5S, EV 65.0 MPH)
|
|
Batting: RHB Luis Gomez
|
0-0: SINGLE (Groundball, 56D, EV 96.2 MPH) Shunsuke Shiba Inu to second
|
|
Batting: LHB Timo Gomez
|
0-0: Called Strike 0-1: Foul Ball, location: 2F 0-2: Foul Ball, location: 2F 0-2: Hit by Pitch Shunsuke Shiba Inu to third Luis Gomez to second
|
|
Batting: RHB Raul de la Cruz
|
0-0: Foul Ball, location: 2F 0-1: Ball 1-1: Grounds into double play, 6-4-3 (Groundball, 6, EV 81.9 MPH)
|
| Bottom of the 5th over - 0 runs, 1 hit, 1 error, 2 left on base; Burlington 3 - Lansing 7 |
| TOP OF THE 6TH |
|
Burlington Bees batting - Pitching for Lansing Lugnuts : LHP Jon Sosa
|
|
Batting: RHB Danny Bjarnson
|
0-0: Swinging Strike 0-1: Foul Ball, location: 2F 0-2: Ball 1-2: Fly out, F9 (Line Drive, 9S, EV 88.8 MPH)
|
|
Batting: LHB Mutsuo IIda
|
0-0: Ball 1-0: Foul Ball, location: 2F 1-1: Ground out 4-3 (Groundball, 34, EV 100.0 MPH)
|
|
Batting: RHB Kyler Seitz
|
0-0: Ball 1-0: Ball 2-0: Ball 3-0: Foul Ball, location: 2F 3-1: SINGLE (Line Drive, 4D, EV 99.4 MPH)
|
|
Batting: RHB Dean LeCroy
|
0-0: Called Strike 0-1: Ball 1-1: Ball 2-1: DOUBLE (Line Drive, 7LM, EV 102.5 MPH) Kyler Seitz to third
|
|
Batting: LHB Dave Hicks
|
0-0: Called Strike 0-1: Fly out, F9 (Flyball, 9D, EV 106.2 MPH)
|
| Top of the 6th over - 0 runs, 2 hits, 0 errors, 2 left on base; Burlington 3 - Lansing 7 |
| BOTTOM OF THE 6TH |
|
Lansing Lugnuts batting - Pitching for Burlington Bees : RHP Humberto Paniagua
|
|
Batting: RHB John Michener
|
0-0: Ball 1-0: Called Strike 1-1: Ball 2-1: Ball 3-1: Swinging Strike 3-2: Base on Balls
|
|
Pitching: RHP Jose Alvarado
|
|
|
Batting: SHB Gregg Whitecotton
|
0-0: Ball 1-0: Ball 2-0: Ball 3-0: Called Strike 3-1: Called Strike 3-2: Foul Ball, location: 2F 3-2: Strikes out swinging
|
|
Batting: RHB Dylan Phillips
|
0-0: Called Strike 0-1: Ball 1-1: Ball 2-1: Called Strike 2-2: Foul Ball, location: 2F 2-2: Strikes out swinging
|
|
Batting: RHB Jose Ontiveros
|
0-0: Ball 1-0: Ball 2-0: Called Strike 2-1: Ball 3-1: Foul Ball, location: 2F 3-2: Strikes out swinging
|
| Bottom of the 6th over - 0 runs, 0 hits, 0 errors, 1 left on base; Burlington 3 - Lansing 7 |
| TOP OF THE 7TH |
|
Burlington Bees batting - Pitching for Lansing Lugnuts : LHP Jon Sosa
|
|
Now at 2B: Dylan Phillips
|
|
|
Now at 3B: Roger Escareno
|
|
|
Batting: RHB Wilford Harper
|
0-0: Swinging Strike 0-1: Foul Ball, location: 2F 0-2: Ball 1-2: Strikes out swinging
|
|
Batting: RHB Peter Westover
|
0-0: Ball 1-0: Ball 2-0: Ball 3-0: Called Strike 3-1: Base on Balls
|
|
Batting: SHB Tim Connell
|
0-0: Ball 1-0: Ball Peter Westover steals 2nd base 2-0: Called Strike 2-1: Foul Ball, location: 2F 2-2: Strikes out swinging
|
|
Batting: RHB Ricky Mejicanos
|
0-0: Ball 1-0: Foul Ball, location: 2F 1-1: Ball 2-1: Swinging Strike 2-2: Strikes out swinging
|
| Top of the 7th over - 0 runs, 0 hits, 0 errors, 1 left on base; Burlington 3 - Lansing 7 |
| BOTTOM OF THE 7TH |
|
Lansing Lugnuts batting - Pitching for Burlington Bees : RHP Jose Alvarado
|
|
Batting: RHB Dan Muns
|
0-0: Called Strike 0-1: Swinging Strike 0-2: Ball 1-2: Strikes out swinging
|
|
Batting: LHB Roger Escareno
|
0-0: Ball 1-0: Foul Ball, location: 2F 1-1: Foul Ball, location: 2F 1-2: Ball 2-2: Ball 3-2: Strikes out swinging
|
|
Batting: RHB Luis Gomez
|
0-0: Ball 1-0: Ball 2-0: SINGLE (Line Drive, 89M, EV 91.9 MPH)
|
|
Batting: LHB Timo Gomez
|
0-0: Ball 1-0: Ball 2-0: Foul Ball, location: 2F 2-1: Foul Ball, location: 2F 2-2: SINGLE (Groundball, 34S, EV 68.1 MPH) (infield hit) Luis Gomez to second
|
|
Batting: RHB Raul de la Cruz
|
0-0: Swinging Strike 0-1: SINGLE (Line Drive, 34, EV 105.6 MPH) Luis Gomez to third Timo Gomez to second Runner from 3rd tries for Home, throw by RF and OUT! 9-2
|
| Bottom of the 7th over - 0 runs, 3 hits, 0 errors, 2 left on base; Burlington 3 - Lansing 7 |
| TOP OF THE 8TH |
|
Burlington Bees batting - Pitching for Lansing Lugnuts : LHP Jon Sosa
|
|
Pitching: RHP Ron Kehoe
|
|
|
Now in LF: Timo Gomez
|
|
|
Now in RF: Julio Canseco
|
|
|
Batting: RHB Danny Bjarnson
|
0-0: Foul Ball, location: 2F 0-1: Ground out 6-3 (Groundball, 6S, EV 89.4 MPH)
|
|
Batting: LHB Mutsuo IIda
|
0-0: Foul Ball, location: 2F 0-1: Called Strike 0-2: Strikes out looking
|
|
Batting: RHB Kyler Seitz
|
0-0: Foul Ball, location: 2F 0-1: Ground out 5-3 (Groundball, 56S, EV 73.1 MPH)
|
| Top of the 8th over - 0 runs, 0 hits, 0 errors, 0 left on base; Burlington 3 - Lansing 7 |
| BOTTOM OF THE 8TH |
|
Lansing Lugnuts batting - Pitching for Burlington Bees : RHP Jose Alvarado
|
|
Pitching: RHP Devin Spears
|
|
|
Batting: RHB John Michener
|
0-0: Ball 1-0: Called Strike 1-1: Swinging Strike 1-2: Strikes out swinging
|
|
Batting: SHB Gregg Whitecotton
|
0-0: Called Strike 0-1: Called Strike 0-2: Ball 1-2: Foul Ball, location: 2F 1-2: Foul Ball, location: 2F 1-2: Strikes out swinging
|
|
Batting: RHB Dylan Phillips
|
0-0: Ball 1-0: Swinging Strike 1-1: Ball 2-1: Ball 3-1: Base on Balls
|
|
Batting: RHB Jose Ontiveros
|
0-0: Ball 1-0: Ball 2-0: Ball 3-0: Base on Balls Dylan Phillips to second
|
|
Batting: RHB Dan Muns
|
0-0: Called Strike 0-1: Swinging Strike 0-2: DOUBLE (Line Drive, 89D, EV 110.0 MPH) Dylan Phillips scores Jose Ontiveros to third
|
|
Batting: LHB Roger Escareno
|
0-0: Foul Ball, location: 2F 0-1: Ball 1-1: Ball 2-1: Foul Ball, location: 2F 2-2: Ball 3-2: Strikes out swinging
|
| Bottom of the 8th over - 1 run, 1 hit, 0 errors, 2 left on base; Burlington 3 - Lansing 8 |
| TOP OF THE 9TH |
|
Burlington Bees batting - Pitching for Lansing Lugnuts : RHP Ron Kehoe
|
|
Batting: RHB Dean LeCroy
|
0-0: Ball 1-0: Ball 2-0: Ball 3-0: Base on Balls
|
|
Batting: LHB Dave Hicks
|
0-0: Called Strike 0-1: Ball 1-1: Foul Ball, location: 2F 1-2: Foul Ball, location: 2F 1-2: DOUBLE (Line Drive, 9LM, EV 88.1 MPH) Dean LeCroy to third
|
|
Batting: RHB Wilford Harper
|
0-0: Foul Ball, location: 2F 0-1: Ball 1-1: Called Strike 1-2: Foul Ball, location: 2F 1-2: Strikes out swinging
|
|
Batting: RHB Peter Westover
|
0-0: Ball 1-0: Foul Ball, location: 2F 1-1: Foul Ball, location: 2F 1-2: Foul Ball, location: 2F 1-2: Ball 2-2: Strikes out looking
|
|
Batting: SHB Tim Connell
|
0-0: Foul Ball, location: 2F 0-1: Called Strike 0-2: Foul Ball, location: 2F 0-2: Foul Ball, location: 2F 0-2: Ball 1-2: Ball 2-2: Ball 3-2: Foul Ball, location: 2F 3-2: SINGLE (Groundball, 4MD, EV 104.4 MPH) Dean LeCroy scores Dave Hicks to third
|
|
Pitching: RHP Steve Schultz
|
|
|
Batting: RHB Ricky Mejicanos
|
0-0: Ball 1-0: Ball 2-0: Foul Ball, location: 2F 2-1: Fielders Choice at 2nd, 5-4 (Groundball, 56, EV 77.5 MPH)
|
| Top of the 9th over - 1 run, 2 hits, 0 errors, 2 left on base; Burlington 4 - Lansing 8 |
|